 Dungeon Crawl Stone Soup version 0.29-a0-483-g69413ace17 (webtiles) character file.

Game seed: 1500152516713628088

303 hquester the Bolt Thrower (level 6, -2/32 HPs)
             Began as a Spriggan Hunter on May 25, 2022.
             Succumbed to Dowan's poison
             ... on level 4 of the Dungeon.
             The game lasted 00:14:14 (2987 turns).

hquester the Bolt Thrower (Spriggan Hunter)         Turns: 2987, Time: 00:14:14

Health: -2/32      AC:  2    Str:  7    XL:     6   Next: 15%
Magic:  7/7        EV: 20    Int: 10    God:
Gold:   179        SH:  0    Dex: 21    Spells: 5/5 levels left

rFire   . . .      SeeInvis +   u - +1 dagger (elec)
rCold   . . .      Faith    .   (no shield)
rNeg    . . .      Spirit   .   b - +0 robe
rPois   .          Reflect  .   (helmet restricted)
rElec   .          Harm     .   (no cloak)
rCorr   .          Rampage  .   (gloves unavailable)
Will    +....                   (boots unavailable)
Stlth   +++.......              (no amulet)
HPRegen 0.10/turn               (no ring)
MPRegen 0.10/turn               (no ring)

@: lethally poisoned (-2 -> -33), studying Slings, very quick
A: very small, no large weapons, unfitting armour, see invisible, speed 3
a: no special abilities


You were on level 4 of the Dungeon.
You visited 1 branch of the dungeon, and saw 4 of its levels.

You collected 179 gold pieces.

Inventory:

Hand Weapons
 a - a +1 hand crossbow
 u - a +1 dagger of electrocution (weapon)
Armour
 b - a +0 robe (worn)
Scrolls
 c - 2 scrolls of immolation
 d - a scroll of enchant armour {unknown}
 g - 2 scrolls of poison {unknown}
 i - a scroll of blinking {unknown}
 k - 4 scrolls of fog {unknown}
 l - a scroll of identify {unknown}
 n - a scroll of summoning {unknown}
 p - a scroll of brand weapon {unknown}
 q - 2 scrolls of vulnerability {unknown}
 r - a scroll of teleportation {unknown}
 s - a scroll of magic mapping {unknown}
 t - a scroll of amnesia {unknown}
Potions
 e - a potion of magic
 f - 2 potions of haste {unknown}
 h - a potion of cancellation {unknown}
 j - a potion of brilliance {unknown}
 m - a potion of attraction {unknown}
 o - 2 potions of ambrosia {unknown}


   Skills:
 + Level 2.7 Fighting
 * Level 5.5 Crossbows
 + Level 4.5 Dodging
 + Level 4.6 Stealth


You had 5 spell levels left.
You didn't know any spells.
Your spell library contained the following spells:

 Spells                   Type           Power      Damage    Failure   Level
 Sting                    Tmut/Pois      0%         1d3       36%         1


Dungeon Overview and Level Annotations

Branches:
Dungeon (4/15)
 Temple: D:4-7

Altars:
Dithmenos
Kikubaaqudgha
Sif Muna
Vehumet

Shops:
D:3 [=

Annotations:
D:4 Dowan


Innate Abilities, Weirdness & Mutations

You are very small and have problems with some larger weapons.
You are too small for most types of armour.
You have supernaturally acute eyesight. (SInv)
You cover ground extremely quickly. (Speed+++)


Message History

Press: ? - help, Q - select action Shift-Dir - straight line, f/p - Duvessa
Aim: Duvessa, wielding a +0 short sword and wearing a +0 chain mail (almost dead, 76% to hit)
You shoot a bolt.
The bolt hits Duvessa but does no damage.
Duvessa is almost dead.
Shoot: a) +1 hand crossbow
Press: ? - help, Q - select action Shift-Dir - straight line, f/p - Duvessa
Aim: Duvessa, wielding a +0 short sword and wearing a +0 chain mail (almost dead, 76% to hit)
You shoot a bolt. The bolt hits Duvessa.
You kill Duvessa!
Dowan's eyes darken. "You have made a black mistake."
Dowan seems to find hidden reserves of power!
You have reached level 6!
Shoot: a) +1 hand crossbow
Press: ? - help, Q - select action Shift-Dir - straight line, f - Dowan
Aim: Dowan, wielding a +5 dagger of venom and wearing a +0 robe (fast, 58% to hit)
You shoot a bolt. The bolt hits Dowan.
Dowan is lightly wounded.
You hear the crackle of electricity.
u - a +1 dagger of electrocution (weapon)
Dowan points at you and mumbles some strange words.
The shard of ice misses you.
You hit Dowan.
Dowan is lightly wounded.
Dowan says, "Her death will not be in vain!"
Dowan mumbles some strange words.
Dowan blinks!
Dowan hits you with a +5 dagger of venom!
You are lethally poisoned!
You hit Dowan.
Dowan is lightly wounded.
* * * LOW HITPOINT WARNING * * *
You feel very sick. Dowan misses you.
Dowan hits you with a +5 dagger of venom.
* * * LOW HITPOINT WARNING * * *
You are more poisoned.
Okay, then.
It was a potion of magic.
Magic courses through your body.
You die...

.....####..##.##.#
.#.##._.#####.##.####
.#.##...8#..........# ########
.#.#8...#####....##.# #.......
.#.###.##8##......#.# #.......
....#..#...#...)#.#.### #.....#.
.#...⌠...._#..##....#.####......#
.#.....#...##.)..e....##.......#.
.....#.##8###.##@...#.##........#
.####...###....................#.
...##...8##.......).#.#.######..#
..##8._.#####.#)#..#.......###.#.
..#.#####.# #.#.#..##...........#
..#.#..##.# #.#.#..##..###.###.#.
.......##.# #.#.#..##.e.....<#..#
#...#...#.# #.#.#..###.###.#.#.#.
###.#.#.#.###.#.#..# #.# #>#.#..#


You could see Dowan (fast).

Vanquished Creatures
  Duvessa (D:4)
  A scorpion (D:3)
  A hound (D:4)
  Natasha (twice) (D:4)
  2 adders
  A dart slug (D:2)
  An orc (D:3)
  2 bats
  4 endoplasms
  A giant cockroach (D:1)
  4 goblins
  3 hobgoblins (D:1)
  6 jackals (D:3)
  4 quokkas
  2 ball pythons
  A frilled lizard (D:3)
  6 kobolds
  3 rats
45 creatures vanquished.

Notes
Turn   | Place    | Note
-------+----------+-------------------------------------------
     0 | D:1      | hquester the Spriggan Hunter began the quest for the Orb.
     0 | D:1      | Reached XP level 1. HP: 10/10 MP: 2/2
   222 | D:1      | Reached XP level 2. HP: 15/15 MP: 3/3
   792 | D:2      | Found a faded altar of an unknown god.
  1134 | D:2      | Reached XP level 3. HP: 18/18 MP: 4/4
  1681 | D:3      | Identified the +3 flail of Greed {freeze, rElec rN+ rCorr
                  | Int-3}
  1683 | D:3      | Found Nunyq's Antique Armour Boutique.
  1830 | D:3      | Found a shadowy altar of Dithmenos.
  1858 | D:3      | Found Wahis's Jewellery Boutique.
  1952 | D:3      | Noticed a scorpion
  2013 | D:3      | Killed a scorpion
  2014 | D:3      | Reached XP level 4. HP: 23/23 MP: 5/5
  2291 | D:4      | Noticed Duvessa
  2291 | D:4      | Noticed Dowan
  2412 | D:4      | Noticed Natasha
  2416 | D:4      | Killed Natasha
  2417 | D:4      | Reached skill level 5 in Crossbows
  2417 | D:4      | Reached XP level 5. HP: 27/27 MP: 6/6
  2529 | D:4      | Noticed Natasha
  2535 | D:4      | Killed Natasha
  2696 | D:4      | Found an ancient bone altar of Kikubaaqudgha.
  2699 | D:4      | Found a shimmering blue altar of Sif Muna.
  2701 | D:4      | Found a radiant altar of Vehumet.
  2706 | D:4      | Got Sif Muna's Reference Book on Transmutation
  2979 | D:4      | Killed Duvessa
  2980 | D:4      | Reached XP level 6. HP: 24/32 MP: 7/7
  2987 | D:4      | Succumbed to Dowan's poison

Illustrated notes

Levels and vault maps discovered:
D:1:      dpeg_arrival_simpleton_a, layout_basic, st_stairs_11,
          serial_bayou_pond_e
D:2:      wander_river, layout_rooms,
          hellmonk_ecumenical_altar_pennies_from_heaven, serial_corexii_hall,
          chequers_hall_statues_corner_a, corexii_hall_statues_x
D:3:      layout_basic, lemuel_round_altar, serial_shops, shop_fountains,
          nicolae_shop_behind_doors, minmay_cut_off
D:4:      layout_basic, grunt_temple_overflow_magic_moments,
          minmay_misc_feat_columns, minivault_23,
          chequers_serial_rivers_large_a, uniq_duvessa, uniq_natasha

Skill      XL: |  1  2  3  4  5 |
---------------+----------------+-----
Stealth        | 2 3 4 |  4.6
Dodging        | 3 4 |  4.5
Fighting       | 2 |  2.7
Crossbows      | 5 |  5.5

Action                   |  1- 3 |  4- 6 || total
-------------------------+-------+-------++-------
Melee: Dagger            |       |     2 ||     2
 Fire: Hand crossbow     |    85 |    72 ||   157
  Use: Potion            |       |     1 ||     1
Armor: Robe              |     1 |     1 ||     2
Dodge: Dodged            |    16 |    18 ||    34

Table legend: (Time is in decaauts)
 A = Elapsed time spent in this place.
 B = Non-inter-level travel time spent in this place.
 C = Inter-level travel time spent in this place.
 D = Time resting spent in this place.
 E = Time spent auto-exploring this place.
 F = Levels seen in this place.
 G = Mean time per level.
                   A        B        C        D        E       F      G
               +--------+--------+--------+--------+--------+-----+--------+
         Total |   2034 |   2018 |     16 |      0 |   1484 |   4 |  508.5 |
       Dungeon |   2034 |   2018 |     16 |      0 |   1484 |   4 |  508.5 |
               +--------+--------+--------+--------+--------+-----+--------+

Top non-repeatable levels by time:
     D:3: 700 daAuts
     D:4: 527 daAuts
     D:1: 479 daAuts
     D:2: 326 daAuts
